 Dungeon Crawl Stone Soup version 0.29.0-11-gd7f09526c8 (webtiles) character file.

Game seed: 11851661357997000869

210 Gabide the Sneak (level 5, 0/50 HPs)
             Began as a Naga Monk on Sept 3, 2022.
             Slain by a rat (1 damage)
             ... in a sewer.
             The game lasted 00:09:59 (3498 turns).

Gabide the Sneak (Naga Monk)                        Turns: 3498, Time: 00:10:00

Health: 0/50       AC:  2    Str: 13    XL:     5   Next: 87%
Magic:  5/5        EV: 11    Int: 11    God:
Gold:   161        SH:  0    Dex: 15    Spells: 4/4 levels left

rFire   + . .      SeeInvis +   l - +0 rapier
rCold   + . .      Faith    .   (no shield)
rNeg    . . .      Spirit   .   b - +0 robe
rPois   +          Reflect  .   (no helmet)
rElec   +          Harm     .   (no cloak)
rCorr   +          Rampage  .   (no gloves)
Will    .....                   (no barding)
Stlth   +++.......              (no amulet)
HPRegen 0.16/turn               (no ring)
MPRegen 0.09/turn               (no ring)

@: brilliant, resistant, attractive, mesmerised, very slow
A: AC +1, large, see invisible, deformed body, poison resistance, slowness 2,
spit poison 1, naga tail 1
a: Spit Poison


You were in a sewer.
You visited 1 branch of the dungeon, and saw 3 of its levels.
You also visited: Sewer.

You collected 161 gold pieces.

Inventory:

Hand Weapons
 a - a +0 short sword
 l - a +0 rapier (weapon)
Armour
 b - a +0 robe (worn)
Jewellery
 g - a ring of wizardry
 h - an amulet of reflection
Wands
 q - a wand of light (15)
Scrolls
 c - 2 scrolls of teleportation
 d - a scroll of silence
 e - a scroll of immolation {unknown}
 k - a scroll of fear {unknown}
 m - a scroll of amnesia {unknown}
 o - 2 scrolls of blinking
Potions
 r - 5 potions of flight


   Skills:
 + Level 4.0 Fighting
 + Level 4.1 Short Blades
 + Level 3.4 Dodging
 + Level 4.9 Stealth


You had 4 spell levels left.
You didn't know any spells.
Your spell library contained the following spells:

 Spells                   Type           Power      Damage    Failure   Level
 Magic Dart               Conj           0%         1d3       34%         1
 Call Imp                 Summ           0%         N/A       47%         2
 Sublimation of Blood     Necr           0%         N/A       47%         2
 Mephitic Cloud           Conj/Pois/Air  0%         N/A       71%         3
 Petrify                  Tmut/Erth      0%         N/A       98%         4
 Irradiate                Conj/Tmut      0%         3d11      100%        5


Dungeon Overview and Level Annotations

Branches:
Dungeon (3/15)              Sewer (1/1)

Altars:


Innate Abilities, Weirdness & Mutations

Your serpentine skin is tough. (AC +1)
You have supernaturally acute eyesight. (SInv)
Armour fits poorly on your strangely shaped body.
Your system is resistant to poisons. (rPois)
You cover ground very slowly.
You can spit poison.
You have a snake-like lower body.


Message History

Press: ? - help, Q - select action, (/) - cycle Shift-Dir - straight line, f/p - malarious merfolk avatar
Aim: a malarious merfolk avatar (moderately wounded, mesmerising, 50% to hit)
The splash of poison hits the malarious merfolk avatar.
The malarious merfolk avatar is poisoned.
The malarious merfolk avatar is moderately wounded.
The adder completely misses you. The adder bites you.
* * * LOW HITPOINT WARNING * * *
The frilled lizard bites you.
* * * LOW HITPOINT WARNING * * *
The ball python closely misses you. The rat barely misses you.
The adder closely misses you.
The malarious merfolk avatar is attracted toward you.
It was a potion of brilliance.
You feel clever all of a sudden. The adder misses you.
The ball python closely misses you. The frilled lizard bites you.
* * * LOW HITPOINT WARNING * * *
The malarious merfolk avatar chants its luring song.
The adder bites you.
* * * LOW HITPOINT WARNING * * *
The rat bites you.
* * * LOW HITPOINT WARNING * * *
The adder closely misses you.
You miss the adder.
The adder is severely wounded.
You have got your breath back.
The ball python barely misses you. The frilled lizard closely misses you.
The adder barely misses you.
The malarious merfolk avatar chants its luring song.
The adder misses you.
The rat splashes around in the water.
The ball python bites you.
* * * LOW HITPOINT WARNING * * *
You hit the adder.
You kill the adder!
The adder bites you.
* * * LOW HITPOINT WARNING * * *
The frilled lizard bites you but does no damage.
The malarious merfolk avatar chants its luring song.
The ball python barely misses you. The rat bites you.
You die...

≈≈≈≈ ≈≈≈≈≈≈ #######
≈≈≈≈≈≈ ##.....## ≈≈≈≈≈~#
#..###..# ≈≈≈≈~~~ ##.##
#~†###### ≈≈≈~~~~###..#
#≈~†....#
≈~~~~~~l~#..#########~..
~~~~~~SSr~~~~≈≈≈≈≈≈≈#~~.
≈~~~~~m@~#..###### #≈≈≈~
≈≈≈~~~l###..# ####≈
≈≈≈≈~~. #.r# ## ≈≈≈≈~~.
#..# # ≈≈≈≈~~. #### #
≈≈≈≈≈~. # ≈≈≈≈≈≈~ #
≈≈≈≈≈≈≈


You could see a malarious merfolk avatar (mesmerising, poisoned), an adder, a
ball python, 2 frilled lizards and a rat.

Vanquished Creatures
  A scorpion (D:2)
  A merfolk siren (Sewer)
  4 adders
  3 river rats (Sewer)
  2 worms
  4 orcs (D:3)
  5 ball pythons
  2 bats (D:1)
  7 endoplasms
  5 giant cockroaches
  4 hobgoblins
  5 quokkas
  3 frilled lizards
  3 kobolds
  20 rats
69 creatures vanquished.

Notes
Turn   | Place    | Note
-------+----------+-------------------------------------------
     0 | D:1      | Gabide the Naga Monk began the quest for the Orb.
     0 | D:1      | Reached XP level 1. HP: 21/21 MP: 1/1
   517 | D:1      | Found a faded altar of an unknown god.
   529 | D:1      | Reached XP level 2. HP: 28/28 MP: 2/2
  1496 | D:2      | Reached XP level 3. HP: 22/34 MP: 3/3
  1682 | D:2      | Noticed a scorpion
  1789 | D:2      | Killed a scorpion
  1790 | D:2      | Reached XP level 4. HP: 43/43 MP: 4/4
  2373 | D:3      | Reached XP level 5. HP: 23/50 MP: 5/5
  2657 | D:3      | Found a glowing drain.
  2663 | Sewer    | Entered a sewer
  3482 | Sewer    | Noticed a malarious merfolk avatar
  3498 | Sewer    | HP: 1/50 [adder (2)]
  3498 | Sewer    | Slain by a rat

Illustrated notes

Levels and vault maps discovered:
D:1:      amcnicky_arrival_choice, layout_basic,
          hellmonk_ecumenical_altar_run_dry
D:2:      layout_basic
D:3:      layout_basic, cheibrodos_sewer_entry_bend, serial_shops,
          nicolae_shop_crystal, dk_noncrumbling_2, grunt_decor_cap
Sewer:    sewer_sea

Skill      XL: |  1  2  3  4  5 |
---------------+----------------+-----
Dodging        | 3 |  3.4
Stealth        | 4 |  4.9
Short Blades   | 4 |  4.1
Fighting       | 4 |  4.0

Action                   |  1- 3 |  4- 6 || total
-------------------------+-------+-------++-------
Melee: Short sword       |    44 |       ||    44
       Rapier            |    11 |   112 ||   123
       Punch             |       |     1 ||     1
 Abil: Spit Poison       |    20 |    35 ||    55
  Use: Scroll            |     3 |     2 ||     5
       Potion            |       |     6 ||     6
 Stab: Sleeping          |     3 |     4 ||     7
Armor: Robe              |     5 |    31 ||    36
       Skin              |       |     8 ||     8
Dodge: Dodged            |    28 |   105 ||   133
